 Dungeon Crawl Stone Soup version 0.24-a0-139-geb6712d (webtiles) character file.

Game seed: 2040416819452299774

93 Lanoc the Skirmisher (level 4, -1/21 HPs)
             Began as a Vine Stalker Fighter on Mar 4, 2019.
             Was a Follower of Hepliaklqana.
             Succumbed to a hornet's poison
             ... on level 3 of the Dungeon.
             The game lasted 00:03:38 (1897 turns).

Lanoc the Skirmisher (Vine Stalker Fighter)         Turns: 1897, Time: 00:03:39

Health: -1/21      AC:  6    Str: 17 (18) XL:     4   Next: 61%
Magic:  1/5        EV:  7    Int:  5 (8)  God:    Hepliaklqana [*.....]
Gold:   99         SH:  9    Dex: 14 (15) Spells: 3/3 levels left

rFire    . . .     SeeInvis .   a - +0 long sword
rCold    . . .     Gourm    .   c - +0 shield
rNeg     . . .     Faith    .   b - +0 scale mail
rPois    .         Spirit   +   (no helmet)
rElec    .         Reflect  .   (no cloak)
rCorr    .         Harm     .   (no gloves)
MR       .....                  (no boots)
Stlth    ..........             (no amulet)
HPRegen  0.47/turn              (no ring)
MPRegen  0.09/turn              (no ring)

@: lethally poisoned (-1 -> -14), slowed, very slow
A: reduced essence, fangs 2, regeneration 1, magic shield, antimagic bite, no
potion heal 3, rot immunity
a: Recall Ancestor, Ancestor Identity, Renounce Religion


You were on level 3 of the Dungeon.
You worshipped Hepliaklqana.
Hepliaklqana was aware of your devotion.
You were not hungry.

You visited 1 branch of the dungeon, and saw 3 of its levels.

You collected 99 gold pieces.

Inventory:

Hand Weapons
 a - a +0 long sword (weapon)
 o - a cursed -1 hunting sling
Missiles
 h - 25 bolts
 q - 17 arrows
 r - 12 sling bullets
Armour
 b - a +0 scale mail (worn)
 c - a +0 shield (worn)
Wands
 l - a wand of iceblast (9)
Scrolls
 e - 3 scrolls of remove curse {unknown}
 i - 6 scrolls of identify {unknown}
 k - a scroll of enchant weapon {unknown}
 m - a scroll of magic mapping {unknown}
 n - a scroll of teleportation {unknown}
 t - a scroll of immolation {unknown}
 u - a scroll of blinking {unknown}
Potions
 d - 2 potions of might
 j - 2 potions of heal wounds
 p - a potion of haste {unknown}
 s - a potion of brilliance {unknown}
Comestibles
 f - 7 rations


   Skills:
 + Level 3.2 Fighting
 * Level 2.8 Long Blades
 + Level 2.8 Armour
 + Level 1.0 Dodging
 + Level 3.1 Shields


You had 3 spell levels left.
You didn't know any spells.
Your spell library was empty.

Dungeon Overview and Level Annotations

Branches:
Dungeon (3/15)

Altars:
Hepliaklqana


Innate Abilities, Weirdness & Mutations

You have extremely sharp teeth.
Your natural rate of healing is unusually fast.
When hurt, damage is shared between your health and your magic reserves.
Your bite disrupts and absorbs the magic of your enemies.
Potions cannot restore your health.
You are immune to rotting.
Your life essence is reduced to manifest your ancestor. (-10% HP)


Message History

You are lethally poisoned!
You feel as though you will be slow longer.
The hornet stings you.
You are more poisoned.
You feel as though you will be slow longer.
You swap places.
* * * LOW HITPOINT WARNING * * *
You feel very sick.
The hornet stings Takurtum.
Takurtum barely misses the hornet.
The hornet stings Takurtum!
Takurtum closely misses the hornet.
Unknown command.
It was a potion of heal wounds.
That seemed strangely inert.
* * * LOW HITPOINT WARNING * * *
You feel very sick.
The hornet stings Takurtum!
Takurtum is destroyed!
It was a potion of degeneration.
There was something very wrong with that liquid.
You feel weakened.
You feel dopey.
You feel clumsy.
You die...

.. # ##########
..........
.......######
.[...........
.......#####
####.#.....#######
# #.#.###..)...@#
# #.#.# #######y#
#.#.# #.# #.#(.
#.# #+### #.# ?.#
###


You could see a hornet.

Vanquished Creatures
  3 adders (D:2)
  A dart slug (D:1)
  2 leopard geckos (D:2)
  2 ball pythons (D:2)
  4 bats
  5 goblins
  13 hobgoblins
  6 jackals
  2 quokkas (D:2)
  6 frilled lizards
  3 kobolds
  11 rats
58 creatures vanquished.

Vanquished Creatures (others)
  An ancestor (D:3)
1 creature vanquished.

Grand Total: 59 creatures vanquished

Notes
Turn   | Place    | Note
-------+----------+-------------------------------------------
     0 | D:1      | Lanoc the Vine Stalker Fighter began the quest for the Orb.
     0 | D:1      | Reached XP level 1. HP: 11/11 MP: 2/2
   181 | D:1      | Reached XP level 2. HP: 12/16 MP: 3/3
   633 | D:2      | Reached XP level 3. HP: 13/19 MP: 4/4
  1177 | D:2      | Reached skill level 1 in Dodging
  1177 | D:2      | Gained mutation: Your natural rate of healing is unusually
                  | fast. [Vine Stalker growth]
  1177 | D:2      | Reached XP level 4. HP: 15/24 MP: 3/5
  1687 | D:2      | Found a faded altar of an unknown god.
  1690 | D:2      | Became a worshipper of Hepliaklqana the Forgotten
  1690 | D:2      | Reached * piety under Hepliaklqana
  1890 | D:3      | Noticed a hornet
  1896 | D:3      | HP: 1/21 [poisoned by a hornet]
  1897 | D:3      | Succumbed to a hornet's poison

Levels and vault maps discovered:
D:1:      minmay_arrival_glassed_features, layout_basic
D:2:      layout_loops_corners, chequers_ecumenical_altar_grove,
          minmay_tetromino_o2
D:3:      layout_basic, first_ration

Skill      XL: |  1  2  3 |
---------------+----------+-----
Long Blades    | 2 |  2.8
Fighting       | 3 |  3.2
Shields        | 3 |  3.1
Dodging        | 1 |  1.0
Armour         | |  2.8

Action                   |  1- 3 |  4- 6 || total
-------------------------+-------+-------++-------
Melee: Long sword        |    71 |    55 ||   126
       Bite              |    20 |    14 ||    34
Invok: Ancestor Identity |       |     1 ||     1
  Use: Potion            |     2 |     2 ||     4
  Eat: Chunk             |     1 |     2 ||     3
Armor: Scale mail        |    41 |    24 ||    65
Dodge: Dodged            |    28 |    11 ||    39
Block: Shield            |    37 |    14 ||    51
       Rpst.: Long sword |    16 |     5 ||    21

Table legend:
 A = Non-vault XP
 B = Vault XP
 C = Vault XP percentage of total XP
 D = Non-vault monster count
 E = Vault monster count
 F = Vault count percentage of total count
                 A         B        C        D         E       F
            +---------+---------+-------+---------+---------+-------
      Total |     132 |       1 |   0.8 |      57 |       1 |   1.7
            +---------+---------+-------+---------+---------+-------
        D:1 |      28 |       0 |   0.0 |      16 |       0 |   0.0
        D:2 |      99 |       1 |   1.0 |      38 |       1 |   2.6
        D:3 |       5 |       0 |   0.0 |       3 |       0 |   0.0
            +---------+---------+-------+---------+---------+-------
